 Dungeon Crawl Stone Soup version 0.27.0-1-g7a089689b8 (webtiles) character file.

Game seed: 16060981998338863950

318 Majang the Chucker (level 6, -4/57 (63) HPs)
             Began as an Ogre Hunter on Aug 13, 2021.
             Was a Believer of Elyvilon.
             Slain by a wight (11 damage)
             ... on level 4 of the Dungeon.
             The game lasted 00:13:00 (4021 turns).

Majang the Chucker (Ogre Hunter)                    Turns: 4021, Time: 00:13:00

HP:   -4/57 (63)    AC:  3    Str: 19    XL:     6   Next: 45%
MP:   6/6           EV:  9    Int: 12    God:    Elyvilon [**....]
Gold: 120           SH:  0    Dex:  9    Spells: 5/5 levels left

rFire    . . .     SeeInvis .   n - +0 flail
rCold    + . .     Faith    .   (no shield)
rNeg     . . .     Spirit   .   b - +0 robe
rPois    .         Reflect  .   (helmet restricted)
rElec    .         Harm     .   (no cloak)
rCorr    .         Rampage  .   (gloves unavailable)
Will     .....                  (boots unavailable)
Stlth    +.........             (no amulet)
HPRegen  0.19/turn              m - ring of protection from cold
MPRegen  0.10/turn              (no ring)

@: drained
A: large, unfitting armour, tough skin 1
a: Renounce Religion, Lesser Healing, Heal Other, Divine Protection


You were on level 4 of the Dungeon.
You worshipped Elyvilon.
Elyvilon was pleased with you.
You visited 1 branch of the dungeon, and saw 4 of its levels.

You collected 120 gold pieces.

Inventory:

Hand Weapons
 e - a +0 hand axe
 f - a +0 club
 n - a +0 flail (weapon)
Missiles
 c - 3 large rocks
 d - 2 throwing nets
 i - 30 poisoned darts (quivered)
Armour
 b - a +0 robe (worn)
Jewellery
 m - a ring of protection from cold (left hand)
Potions
 a - a potion of lignification {unknown}
 h - a potion of attraction {unknown}
 j - 2 potions of brilliance
 l - a potion of heal wounds {unknown}
 o - a potion of resistance {unknown}


   Skills:
 + Level 4.4 Fighting
 * Level 3.3 Maces & Flails
 * Level 5.5 Throwing
 + Level 0.2 Armour
 + Level 1.9 Dodging
 - Level 0.6 Stealth
 + Level 0.4 Invocations


You had 5 spell levels left.
You didn't know any spells.
Your spell library contained the following spells:

 Spells                   Type           Power      Damage    Failure   Level
 Summon Guardian Golem    Hex/Summ       0%         N/A       69%         3
 Orb of Destruction       Conj           0%         N/A       100%        7
 Spellforged Servitor     Conj/Summ      0%         N/A       100%        7


Dungeon Overview and Level Annotations

Branches:
Dungeon (4/15)
 Temple: D:4-7

Altars:
Elyvilon
Fedhas
Hepliaklqana
Yredelemnul

Shops:
D:1 :   D:3 [


Innate Abilities, Weirdness & Mutations

You are too large for most types of armour.
You have tough skin. (AC +1)


Message History

Found a ring mail. 4 wights come into view.
A wight is wielding a +1 hand axe of freezing.
The wight moves out of view.
Throw: 31 darts (poison)
Press: ? - help, Q - select action, (/) - cycle Shift-Dir - straight line, f - wight
Aim: a wight, wielding a +0 great sword and wearing a +0 robe (59% to hit)
You throw a poisoned dart.
The poisoned dart closely misses the wight.
The poisoned dart barely misses the wight.
Throw: 5 large rocks
Press: ? - help, Shift-Dir - straight line, f/p - wight
Aim: a wight, wielding a +0 great sword and wearing a +0 robe (59% to hit)
You throw a large rock.
The large rock completely misses the wight.
The large rock hits the wight!
The wight is severely damaged.
The wight hits you with a +4 scimitar!
You sock the wight!
The wight is heavily damaged.
The wight hits you with a +4 scimitar!
You feel drained.
You barely miss the wight.
The wight is heavily damaged.
The wight closely misses you.
Unknown command.
Throw: 4 large rocks
Press: ? - help, Shift-Dir - straight line, f/p - wight
Aim: a wight, wielding a +0 great sword and wearing a +0 robe (severely damaged, 59% to hit)
You throw a large rock.
The large rock closely misses the wight.
The large rock hits the wight!!
You destroy the wight!
You hear the rusting of a distant drain.
The wight hits you with a +4 scimitar!
You feel drained.
The wight hits you from afar with a +0 halberd!
* * * LOW HITPOINT WARNING * * *
You feel drained.
* * * LOW HITPOINT WARNING * * *
The wight hits you with a +4 scimitar!
You die...

#. ..### . .... #.
..#
.####.###..##...
.[......(.zz....
#####
####.#z#.#.....
#...# #.#z#... ...
###...###
#.#z###z.. .
###.......####.#@#
#z...
.................#
#...
###.............##
#..
#.....#######.# ##
#.#...# #.#
#.##### #.# #.#
#.# #.# #.# #.#
#.#


You could see 3 wights.

Vanquished Creatures
  Sigmund (D:2)
  A wight (D:4)
  Jessica (D:2)
  Terence (D:2)
  4 adders
  An ufetubus (D:4)
  An adder skeleton (D:4)
  A worm (D:3)
  3 dart slugs
  An orc (D:3)
  3 bats
  4 endoplasms
  4 goblins
  4 hobgoblins
  4 jackals (D:1)
  4 quokkas
  3 ball pythons
  A frilled lizard (D:1)
  5 kobolds
  18 rats (D:2)
65 creatures vanquished.

Vanquished Creatures (others)
  A plant (D:1)
1 creature vanquished.

Grand Total: 66 creatures vanquished

Notes
Turn   | Place    | Note
-------+----------+-------------------------------------------
     0 | D:1      | Majang the Ogre Hunter began the quest for the Orb.
     0 | D:1      | Reached XP level 1. HP: 22/22 MP: 1/1
   418 | D:1      | Reached XP level 2. HP: 27/29 MP: 2/2
   871 | D:1      | Reached skill level 1 in Maces & Flails
  1350 | D:1      | Reached XP level 3. HP: 18/37 MP: 3/3
  1689 | D:1      | Found a faded altar of an unknown god.
  1695 | D:1      | Became a worshipper of Elyvilon the Healer
  1695 | D:1      | Reached * piety under Elyvilon
  1707 | D:1      | Found Avatzaj's Book Emporium.
  1775 | D:2      | Noticed Terence
  1778 | D:2      | Killed Terence
  1861 | D:2      | Noticed Sigmund
  1867 | D:2      | Killed Sigmund
  1868 | D:2      | Reached skill level 5 in Throwing
  1868 | D:2      | Reached XP level 4. HP: 45/48 MP: 4/4
  1868 | D:2      | Reached XP level 5. HP: 51/54 MP: 5/5
  2228 | D:2      | Reached ** piety under Elyvilon
  2469 | D:2      | Reached XP level 6. HP: 56/62 MP: 6/6
  2587 | D:2      | Noticed Jessica
  2588 | D:2      | Killed Jessica
  2656 | D:3      | Found a blossoming altar of Fedhas.
  2883 | D:3      | Found a hazy altar of Hepliaklqana.
  2904 | D:3      | Found Siraromi's Antique Armour Emporium.
  3301 | D:3      | Found a basalt altar of Yredelemnul.
  3359 | D:3      | Found a white marble altar of Elyvilon.
  4021 | D:4      | Slain by a wight

Illustrated notes

Levels and vault maps discovered:
D:1:      elethiomel_arrival_maze, layout_loops_corners,
          shapermc_ecumenical_altar_petra, serial_shops, shop
D:2:      layout_basic, minmay_misc_feat_rows, minmay_rat_hole, uniq_sigmund,
          uniq_terence, uniq_jessica
D:3:      layout_basic, fedhas_ov_isle_minmay, nicolae_overflow_hidden_temple,
          kennysheep_ying_yang, serial_shops, nicolae_shop_crystal
D:4:      layout_loops_ring, portal_sewer_entry_a, uniq_ijyb

Skill      XL: |  1  2  3  4  5 |
---------------+----------------+-----
Fighting       | 3 4 |  4.4
Maces & Flails | 1 2 3 |  3.3
Throwing       | 5 |  5.5
Armour         | |  0.2
Dodging        | |  1.9
Stealth        | |  0.6
Invocations    | |  0.4

Action                   |  1- 3 |  4- 6 || total
-------------------------+-------+-------++-------
Melee: Hand axe          |     7 |       ||     7
       Club              |    69 |   128 ||   197
       Flail             |       |    39 ||    39
Throw: Large rock        |    18 |     7 ||    25
       Dart              |       |     4 ||     4
  Use: Scroll            |       |     3 ||     3
 Stab: Sleeping          |       |     1 ||     1
Armor: Robe              |    24 |    44 ||    68
Dodge: Dodged            |    28 |    84 ||   112
